 Dungeon Crawl Stone Soup version 0.19.5 (webtiles) character file.

40 Gargoyl the Skirmisher (level 3, 0/33 HPs)
             Began as a Ghoul Abyssal Knight on Mar 11, 2017.
             Was a Follower of Lugonu.
             Slain by Terence
             ... wielding a +0 flail
              (8 damage)
             ... on level 2 of the Dungeon.
             The game lasted 00:02:34 (1334 turns).

Gargoyl the Skirmisher (Ghoul Abyssal Knight)       Turns: 1334, Time: 00:02:34

Health: 0/33       AC:  4    Str: 20    XL:     3   Next: 50%
Magic:  3/3        EV: 11    Int:  7    God:    Lugonu [*.....]
Gold:   74         SH:  0    Dex:  9    Spells: 0 memorised, 2 levels left

rFire  . . .     SeeInvis .     a - +1 hand axe
rCold  + . .     Gourm    .     b - +1 leather armour
rNeg   + + +     Faith    .     (no shield)
rPois  ∞         Spirit   .     (no helmet)
rElec  .         Reflect  .     (no cloak)
rCorr  .         Harm     .     (no gloves)
MR     .....                    (no boots)
Stlth  +.........               (no amulet)
                                j - +1 ring of slaying
                                h - +5 ring of strength

@: rotting
A: rotting body, claws 1, carnivore 3, cold resistance 1, negative energy
resistance 3, slow regeneration 1, torment resistance, unbreathing
a: Depart the Abyss, Renounce Religion


You were on level 2 of the Dungeon.
You worshipped Lugonu.
Lugonu was aware of your devotion.
You were not hungry.

You visited 1 branch of the dungeon, and saw 2 of its levels.
You visited the Abyss 1 time.

You collected 74 gold pieces.

Inventory:

Hand Weapons
 a - a +1 hand axe (weapon)
Armour
 b - a +1 leather armour (worn)
Jewellery
 h - a +5 ring of strength (left claw)
 j - a +1 ring of slaying (right claw)
Scrolls
 i - a scroll of identify
Potions
 d - a potion of brilliance {unknown}
 e - a potion of curing {unknown}
 g - a potion of resistance {unknown}
 k - 2 potions of might {unknown}
Comestibles
 c - 2 meat rations
 f - 2 chunks of flesh


   Skills:
 + Level 4.0 Fighting
 + Level 2.1 Axes
 * Level 2.1 Armour
 + Level 1.1 Dodging
 * Level 2.3 Invocations


You had 2 spell levels left.
You didn't know any spells.

Dungeon Overview and Level Annotations

Branches:
Dungeon (2/15)

Altars:

Annotations:
D:2 Terence


Innate Abilities, Weirdness & Mutations

Your body is rotting away.
You thrive on raw meat.
You are immune to poison.
You have sharp fingernails.
You are carnivorous and can eat meat at any time.
Your flesh is cold resistant. (rC+)
You are immune to negative energy. (rN+++)
You regenerate slowly when monsters are visible.
You are immune to unholy pain and torment.
You can survive without breathing.


Message History

Terence is almost dead.
Terence hits you with a flail.
* * * LOW HITPOINT WARNING * * *
You hit Terence.
Terence is almost dead.
Terence hits you with a flail.
* * * LOW HITPOINT WARNING * * *
Eat one of 4 chunks of flesh? (ye/n/q)
You start eating one of the 4 chunks of flesh.
Terence hits you but does no damage.
This raw flesh tastes great!
Eat one of 3 chunks of flesh? (ye/n/q)
You start eating one of the 3 chunks of flesh.
Terence hits you with a flail.
* * * LOW HITPOINT WARNING * * *
This raw flesh tastes great!
Eat one of 2 chunks of flesh? (ye/n/q)
You start eating one of the 2 chunks of flesh.
Terence hits you with a flail!
You die...

#.........#
.#.........#
....(......##..
.#....%......
..........###..
#...........##
#.###......#..
#@####.#.#
#.###@####.#.#
#.......##.#.#
#.###.#.##.#.#
#......#<#
###......#
########


You could see Terence.

Vanquished Creatures
  An adder (D:2)
  An ooze (D:1)
  2 dart slugs (D:1)
  5 hobgoblins (D:1)
  3 jackals (D:1)
  2 bats
  A frilled lizard (D:1)
  3 goblins (D:1)
  2 kobolds (D:1)
  4 rats (D:1)
24 creatures vanquished.

Notes
Turn   | Place    | Note
-------+----------+-------------------------------------------
     0 | Abyss:1  | Gargoyl the Ghoul Abyssal Knight began the quest for the Orb.
     0 | Abyss:1  | Reached XP level 1. HP: 19/19 MP: 1/1
     9 | Abyss:1  | Found a corrupted altar of Lugonu.
   127 | Abyss:1  | Noticed a raiju
   128 | Abyss:1  | Noticed a raiju
   182 | Abyss:1  | Found a hide-covered altar of Uskayaw.
   308 | Abyss:1  | Noticed a ynoxinul
   309 | D:1      | Escaped the Abyss
   609 | D:1      | Reached XP level 2. HP: 16/24 MP: 2/2
   694 | D:1      | Reached * piety under Lugonu
   705 | D:1      | Reached skill level 1 in Dodging
   919 | D:1      | Reached XP level 3. HP: 33/33 MP: 3/3
  1017 | D:1      | Reached skill level 4 in Fighting
  1309 | D:2      | Noticed Terence
  1334 | D:2      | Slain by Terence

Skill      XL: |  1  2  3 |
---------------+----------+-----
Axes           | 2 |  2.1
Dodging        | 1 |  1.1
Armour         | 2 |  2.1
Fighting       | 4 |  4.0
Invocations    | |  2.3

Action                   || total
-------------------------++-------
Melee: Hand axe          ||    78
Invok: Depart the Abyss  ||     1
  Use: Scroll            ||     7
  Eat: Chunk             ||    11
Armor: Leather armour    ||    38
Dodge: Dodged            ||    59
